 Dungeon Crawl Stone Soup version 0.31.0-9-g3a7656b989 (webtiles) character file.

Game seed: 477338310162276101

250 qw the Shooter (level 5, -8/26 HPs)
             Began as a Spriggan Hunter on Feb 2, 2024.
             Mangled by a gnoll
             ... wielding a +0 halberd
              (9 damage)
             ... on level 4 of the Dungeon.
             The game lasted 00:00:09 (2221 turns).

qw the Shooter (Spriggan Hunter)                    Turns: 2221, Time: 00:00:09

Health: -8/26      AC:  2    Str:  7    XL:     5   Next: 88%
Magic:  6/6        EV: 20    Int: 11    God:
Gold:   119        SH:  0    Dex: 20    Spells: 4/4 levels left

rFire   . . .        b - +0 orcbow
rCold   . . .        (shield currently unavailable)
rNeg    . . .        c - +0 robe
rPois   .            (helmet restricted)
rElec   .            (no cloak)
rCorr   .            (gloves unavailable)
SInv    +            (boots unavailable)
Will    .....        (no amulet)
Stlth   ++           (no ring)
HPRegen 0.24/turn    (no ring)
MPRegen 0.10/turn

%: no passive effects
@: very quick
A: very small, no large weapons, unfitting armour, see invisible, speed 3
a: no special abilities


You were on level 4 of the Dungeon.
You visited 1 branch of the dungeon, and saw 4 of its levels.

You collected 119 gold pieces.


Innate Abilities, Weirdness & Mutations

You are very small and have problems with some larger weapons.
You are too small for most types of armour.
You have supernaturally acute eyesight. (SInv)
You cover ground extremely quickly. (Speed+++)


   Skills:
 - Level 2.0 Fighting
 - Level 6.0 Ranged Weapons
 + Level 5.3 Dodging
 - Level 1.5 Stealth


You had 4 spell levels left.
You didn't know any spells.
Your spell library was empty.

Inventory:

Hand Weapons
 b - a +0 orcbow (weapon)
Armour
 c - a +0 robe (worn)
Jewellery
 i - a ring of wizardry
Wands
 f - a wand of iceblast (13)
Potions
 a - a potion of might
 d - a potion of curing {unknown}
 e - a potion of degeneration {unknown}
 g - a potion of attraction {unknown}
 h - 2 potions of enlightenment

Dungeon Overview and Level Annotations

Branches:
Dungeon (4/15)
 Temple: D:4-7

Altars:


Message History

The gnoll is heavily wounded.
The gnoll misses you. The gnoll barely misses you.
The giant cockroach misses you. The gnoll misses you.
The gnoll completely misses you.
You shoot an arrow. The arrow barely misses the gnoll.
The giant cockroach closely misses you. The gnoll completely misses you.
The gnoll misses you.
You shoot an arrow. The arrow barely misses the gnoll.
The giant cockroach misses you. The gnoll misses you.
The gnoll closely misses you. The giant cockroach closely misses you.
You shoot an arrow. The arrow hits the gnoll!
You kill the gnoll!
The gnoll barely misses you. The giant cockroach barely misses you.
You shoot an arrow.
The arrow barely misses the giant cockroach.
The giant cockroach completely misses you.
The gnoll closely misses you. The giant cockroach barely misses you.
You shoot an arrow.
The arrow barely misses the giant cockroach.
The gnoll misses you. The giant cockroach misses you.
The gnoll closely misses you.
You shoot an arrow. The arrow hits the giant cockroach.
The giant cockroach is moderately wounded.
The giant cockroach bites you. The gnoll closely misses you.
The giant cockroach completely misses you.
You shoot an arrow.
The arrow barely misses the giant cockroach.
The gnoll closely misses you. The giant cockroach closely misses you.
You shoot an arrow. The arrow hits the giant cockroach.
The giant cockroach is moderately wounded.
The giant cockroach barely misses you.
The gnoll hits you from afar with a +0 halberd!
You shoot an arrow.
The arrow barely misses the giant cockroach.
The giant cockroach closely misses you. The gnoll completely misses you.
The giant cockroach misses you.
You shoot an arrow.
The arrow barely misses the giant cockroach.
The gnoll hits you from afar with a +0 halberd!
You die...

#.##...##.### #.#.
#.....# #.. #.#.
#.....####<.
#.#.###...........
#.##........####.#
#.##.##.....####.#
#....###.......#.#####..
####.###..####.#.)g.....
####......####.#@B#
..........##......#
######.#####......#
#.#####......#
#............#
#######.....## #######


You could see a gnoll and a giant cockroach.

Vanquished Creatures
  A hound (D:4)
  A jelly (D:4)
  Robin (D:2)
  6 gnolls (D:4)
  5 adders
  7 ball pythons
  2 endoplasms
  4 giant cockroaches
  14 goblins
  8 hobgoblins
  2 jackals (D:1)
  2 quokkas (D:2)
  3 bats
  3 frilled lizards
  15 kobolds
  5 rats
79 creatures vanquished.

Notes
Turn   | Place    | Note
-------+----------+-------------------------------------------
     0 | D:1      | qw the Spriggan Hunter began the quest for the Orb.
     0 | D:1      | Reached XP level 1. HP: 10/10 MP: 2/2
     0 | D:1      | 0 ||| qw: Version: 0.3-a-155-g5e7d8dd
     0 | D:1      | 0 ||| qw: Game counter: 2626
     0 | D:1      | 0 ||| qw: Melee chars always use a shield: true
     0 | D:1      | 0 ||| qw: God list: Okawaru
     0 | D:1      | 0 ||| qw: Allow faded altars: false
     0 | D:1      | 0 ||| qw: Do Orc after clearing Dungeon:15 true
     0 | D:1      | 0 ||| qw: Do second Lair branch before Depths: true
     0 | D:1      | 0 ||| qw: Lair rune preference: random
     0 | D:1      | 0 ||| qw: Goals: Normal
     0 | D:1      | 0 ||| PLANNING D:1-11
    68 | D:1      | Reached skill level 3 in Dodging
   297 | D:1      | Reached XP level 2. HP: 14/14 MP: 3/3
   704 | D:1      | 704 ||| READING 2 scrolls labelled JAZOHE UBREKECH.
   704 | D:1      | 704 ||| IDENTIFYING sedimented silvery potion
   705 | D:1      | 705 ||| READING scroll of identify.
   705 | D:1      | 705 ||| IDENTIFYING fuming inky potion
   706 | D:1      | 706 ||| READING scroll labelled FOKLEU QIRGHEGG.
   707 | D:1      | 707 ||| DROPPING scroll of butterflies.
   708 | D:1      | 708 ||| DROPPING potion of invisibility.
   709 | D:1      | 709 ||| DROPPING potion of lignification.
   778 | D:2      | Reached XP level 3. HP: 18/18 MP: 4/4
   779 | D:2      | 779 ||| FLEEEEING.
   782 | D:2      | 782 ||| FLEEEEING.
   783 | D:2      | 783 ||| FLEEEEING.
   784 | D:2      | 784 ||| FLEEEEING.
   785 | D:2      | 785 ||| FLEEEEING.
  1043 | D:2      | Noticed Robin
  1051 | D:2      | Reached skill level 5 in Ranged Weapons
  1056 | D:2      | Killed Robin
  1057 | D:2      | Reached XP level 4. HP: 22/22 MP: 5/5
  1427 | D:2      | 1427 ||| READING scroll labelled TUB GOKUHUO.
  1431 | D:2      | 1431 ||| READING 2 scrolls labelled KAJIEXK VUATU.
  1532 | D:2      | 1532 ||| DRINKING 2 fuming brown potions.
  1533 | D:2      | 1533 ||| DROPPING scroll of vulnerability.
  1600 | D:3      | Found a faded altar of an unknown god.
  1601 | D:3      | 1601 ||| SWAPPING to +0 orcbow.
  1605 | D:3      | 1605 ||| DROPPING +0 shortbow.
  2010 | D:3      | 2010 ||| READING scroll of identify.
  2010 | D:3      | 2010 ||| IDENTIFYING emerald potion
  2026 | D:4      | 2026 ||| FLEEEEING.
  2028 | D:4      | 2028 ||| STAIRDANCE
  2066 | D:4      | Reached XP level 5. HP: 26/26 MP: 6/6
  2203 | D:4      | Reached skill level 6 in Ranged Weapons
  2219 | D:4      | HP: 1/26 [gnoll/+0 halberd (8)]
  2221 | D:4      | Mangled by a gnoll

Levels and vault maps discovered:
D:1:      sevenhm_arrival_forest_fort_large_2, layout_loops_ring
D:2:      layout_loops_ring, minmay_goblin_outpost, uniq_robin
D:3:      layout_basic, dreamdust_ecumenical_altar_angels_and_demons
D:4:      layout_loops_ring, minmay_temple_entry_statues_pillars

Skill      XL: |  1  2  3  4  5 |
---------------+----------------+-----
Dodging        | 3 4 5 |  5.3
Ranged Weapons | 5 6 |  6.0
Fighting       | 2 |  2.0
Stealth        | |  1.5

Action                     |  1- 3 |  4- 6 || total
---------------------------+-------+-------++-------
   Fire: Shortbow          |   102 |    28 ||   130
         Orcbow            |       |    90 ||    90
    Use: Scroll            |     3 |     3 ||     6
         Potion            |       |     1 ||     1
 Armour: Robe              |     8 |    18 ||    26
  Dodge: Dodged            |    45 |    87 ||   132

Table legend:
 A = Non-vault XP
 B = Vault XP
 C = Vault XP percentage of total XP
 D = Non-vault monster count
 E = Vault monster count
 F = Vault count percentage of total count
                 A         B        C        D         E       F
            +---------+---------+-------+---------+---------+-------
      Total |     309 |      49 |  13.7 |      61 |      18 |  22.8
            +---------+---------+-------+---------+---------+-------
        D:1 |      30 |       0 |   0.0 |      18 |       0 |   0.0
        D:2 |      36 |      49 |  57.6 |      14 |      18 |  56.2
        D:3 |      46 |       0 |   0.0 |      16 |       0 |   0.0
        D:4 |     197 |       0 |   0.0 |      13 |       0 |   0.0
            +---------+---------+-------+---------+---------+-------
